 Dungeon Crawl Stone Soup version 0.31.0-10-gcf4a605ca0 (webtiles) character file.

Game seed: 11927961516551167272

303 gohu the Cudgeller (level 6, -4/38 HPs)
             Began as a Gargoyle Fighter on Jan 25, 2024.
             Slain by a lemure (7 damage)
             ... led by Pikel
             ... on level 3 of the Dungeon.
             The game lasted 00:06:59 (2911 turns).

gohu the Cudgeller (Gargoyle Fighter)               Turns: 2911, Time: 00:06:59

Health: -4/38      AC: 12    Str: 21    XL:     6   Next: 38%
Magic:  6/6        EV:  9    Int:  9    God:
Gold:   136        SH:  4    Dex:  9    Spells: 5/5 levels left

rFire   . . .        n - +0 flail (holy)
rCold   . . .        c - +0 buckler
rNeg    + . .        b - +0 scale mail
rPois   ∞            (no helmet)
rElec   +            (no cloak)
rCorr   +            (no gloves)
SInv    .            r - +0 pair of boots
Will    +....        (no amulet) Stlth
                     s - ring of willpower
HPRegen 0.26/turn    t - ring of resist corrosion
MPRegen 0.10/turn

%: no passive effects
@: no status effects
A: sickness immunity, AC +4, negative energy resistance 1, electricity
resistance, torment resistance 1, petrification resistance
a: no special abilities


You were on level 3 of the Dungeon.
You visited 1 branch of the dungeon, and saw 5 of its levels.

You collected 136 gold pieces.

Inventory:

Hand Weapons
 a - a +0 flail
 n - a +0 flail of holy wrath (weapon)
Armour
 b - a +0 scale mail (worn)
 c - a +0 buckler (worn)
 r - a +0 pair of boots (worn)
Jewellery
 s - a ring of willpower (left hand)
 t - a ring of resist corrosion (right hand)
Scrolls
 f - 4 scrolls of identify
 g - 3 scrolls of enchant weapon
 p - a scroll of vulnerability {unknown}
 q - a scroll of teleportation {unknown}
Potions
 d - a potion of might
 e - 2 potions of curing {unknown}
 h - a potion of brilliance {unknown}
 i - a potion of mutation {unknown}
 j - a potion of magic {unknown}
 k - 3 potions of heal wounds {unknown}
 m - a potion of attraction {unknown}
 o - a potion of ambrosia {unknown}
 u - a potion of degeneration {unknown}
 v - a potion of lignification {unknown}


   Skills:
 + Level 4.0 Fighting
 * Level 5.1 Maces & Flails
 + Level 4.2 Armour
 + Level 0.9 Dodging
 + Level 3.7 Shields


You had 5 spell levels left.
You didn't know any spells.
Your spell library contained the following spells:

 Spells                   Type           Power      Damage    Failure   Level
 Apportation              Tloc           0%         N/A       78%         1
 Magic Dart               Conj           0%         1d3       78%         1
 Blink                    Tloc           0%         N/A       89%         2
 Call Imp                 Summ           0%         N/A       89%         2
 Jinxbite                 Hex            0%         N/A       89%         2
 Alistair's Intoxication  Alch           0%         N/A       100%        5


Dungeon Overview and Level Annotations

Branches:
Dungeon (5/15)
 Temple: D:4-7

Altars:
Nemelex Xobeh
Trog
Xom

Annotations:
D:3 1 runed translucent door, mtoz's ghost, amateur MiBe
D:4 Pikel


Innate Abilities, Weirdness & Mutations

You are immune to sickness and miasma.
Your stone body is resilient. (AC +4)
You are immune to poison.
You resist negative energy. (rN+)
You are resistant to electric shocks. (rElec)
You are resistant to unholy torment.
You are immune to petrification.


Message History

The gnoll attacks as it pursues you! The gnoll hits you but does no damage.
The gnoll barely misses you.
You enter a dispersal trap!
The endoplasm blinks!
The gnoll blinks! x2
The endoplasm blinks!
The gnoll blinks! x2; Pikel blinks!
The gnoll blinks! x2
The lemure blinks!
The gnoll blinks!
You blink.
As you read the scroll labelled EFFENU JIUDD, it crumbles to dust.
It is a scroll of identify.
g - 3 scrolls of enchant weapon Blink to where?
Press: ? - help, Dir - move target
Found a smoky clear potion.
As you read the scroll labelled LAPNAEFROU, it crumbles to dust.
It was a scroll of blinking.
The lemure shouts!
A lemure comes into view.
Pikel says, "Asmodeus and me are pals.
He gave me this whip."
A lemure comes into view.
Pikel says, "You'll feel the lick of my whip!"
The lemure hits you. The lemure attacks as it pursues you! The lemure hits you.
* * * LOW HITPOINT WARNING * * *
The lemure attacks as it pursues you! The lemure closely misses you.
The lemure attacks as it pursues you! The lemure hits you but does no damage.
The lemure attacks as it pursues you! The lemure hits you but does no damage.
The lemure attacks as it pursues you! The lemure closely misses you.
The lemure attacks as it pursues you! The lemure hits you but does no damage.
There is an escape hatch in the ceiling here.
The lemure hits you!
* * * LOW HITPOINT WARNING * * *
A mysterious force pulls you upwards. The hatch slams shut behind you.
Level annotation: 1 runed translucent door, mtoz's ghost, amateur MiBe
Okay, then.
You barely miss the lemure. The lemure closely misses you.
You hit the lemure.
The lemure convulses!
The lemure is heavily wounded.
The lemure barely misses you. The lemure hits you but does no damage.
You closely miss the lemure.
The lemure is heavily wounded.
The lemure hits you!
You die...

≈#....#### #.# #~.~..####
~#.......# #.# #≈≈≈≈≈≈≈#
.........#####'#############
.........'....>......#
#........####........#
#####....# ##........#
#.....######.........#
#.##### ##..........# #.#
##..#...@....# ..#
#..##....5...# #.###
#.###........# ....# ###.#
#........# #.#.# #...#
########## #.#.# #.###
#.#†###.# ..#.#...#
......###


You could see a lemure.

Vanquished Creatures
  A black bear (D:3)
  A jelly (D:4)
  An orc wizard (D:4)
  A sleepcap (D:4)
  Terence (D:2)
  3 adders (D:3)
  2 dart slugs
  6 ribbon worms
  2 orcs (D:4)
  7 endoplasms
  4 giant cockroaches
  6 goblins
  2 hobgoblins
  2 jackals (D:3)
  4 quokkas
  9 ball pythons
  A bat (D:1)
  A frilled lizard (D:3)
  6 kobolds
  6 rats
66 creatures vanquished.

Notes
Turn   | Place    | Note
-------+----------+-------------------------------------------
     0 | D:1      | gohu the Gargoyle Fighter began the quest for the Orb.
     0 | D:1      | Reached XP level 1. HP: 14/14 MP: 1/1
   148 | D:1      | Reached XP level 2. HP: 19/19 MP: 2/2
   396 | D:1      | Found a faded altar of an unknown god.
   706 | D:1      | Reached XP level 3. HP: 23/23 MP: 3/3
  1163 | D:2      | Reached skill level 3 in Maces & Flails
  1326 | D:2      | Noticed Terence
  1331 | D:2      | Killed Terence
  1332 | D:2      | Reached XP level 4. HP: 27/29 MP: 4/4
  1765 | D:3      | Noticed a black bear
  1771 | D:3      | Killed a black bear
  1772 | D:3      | Reached skill level 4 in Maces & Flails
  1772 | D:3      | Reached XP level 5. HP: 18/33 MP: 5/5
  1859 | D:3      | Found a sparkling altar of Nemelex Xobeh.
  1959 | D:3      | Noticed a moth of wrath
  1962 | D:3      | Found a bloodstained altar of Trog.
  2295 | D:3      | Found a runed translucent door.
  2297 | D:3      | Noticed mtoz's ghost (amateur MiBe)
  2495 | D:4      | Noticed Pikel
  2795 | D:4      | Reached XP level 6. HP: 38/38 MP: 6/6
  2800 | D:4      | Reached skill level 5 in Maces & Flails
  2847 | D:5      | Entered Level 5 of the Dungeon
  2882 | D:4      | Found a shimmering altar of Xom.
  2911 | D:3      | Slain by a lemure

Illustrated notes

Levels and vault maps discovered:
D:1:      erik_arrival_triangle_large, layout_basic,
          ebering_ecumenical_altar_petrified
D:2:      layout_basic, uniq_terence
D:3:      layout_basic, tgw_trog, nicolae_overflow_hidden_temple,
          ebering_ghost_reflecting_pool, minivault_4,
          chequers_serial_rivers_micro_e
D:4:      layout_rooms, mainiacjoe_overflow_catwalk, nicolae_shop_fire_sale
          [nicolae_sub_dead_trees], uniq_pikel
D:5:      layout_rooms, gammafunk_ghost_split

Skill      XL: |  1  2  3  4  5  6 |
---------------+-------------------+-----
Maces & Flails | 3 4 5 |  5.1
Armour         | 4 |  4.2
Fighting       | 4 |  4.0
Dodging        | |  0.9
Shields        | |  3.7

Action                     |  1- 3 |  4- 6 || total
---------------------------+-------+-------++-------
  Melee: Flail             |   109 |   145 ||   254
    Use: Potion            |       |     1 ||     1
         Scroll            |       |     2 ||     2
 Armour: Scale mail        |    66 |   105 ||   171
  Dodge: Dodged            |    49 |    65 ||   114
  Block: Buckler           |    23 |    22 ||    45
